 Dungeon Crawl Stone Soup version 0.27.0-1-g7a089689b8 (webtiles) character file.

Game seed: 3370556273591200084

5 mainiacjoe the Chiller (level 1, 10/10 HPs)
             Began as a Kobold Ice Elementalist on Aug 12, 2021.
             Was a Follower of Qazlal.
             Quit the game on level 1 of the Dungeon.
             The game lasted 00:01:21 (637 turns).

mainiacjoe the Chiller (Kobold Ice Elementalist)     Turns: 637, Time: 00:01:23

Health: 10/10      AC:  2    Str:  5    XL:     1   Next: 88%
Magic:  3/3        EV: 15    Int: 16    God:    Qazlal [*.....]
Gold:   0          SH:  1    Dex: 15    Spells: 3/4 levels left

rFire    . . .     SeeInvis .   e - +0 dagger
rCold    . . .     Faith    .   (shield restricted)
rNeg     . . .     Spirit   .   a - +0 robe
rPois    .         Reflect  .   (no helmet)
rElec    .         Harm     .   (no cloak)
rCorr    .         Rampage  .   (no gloves)
Will     .....                  (no boots)
Stlth    +++.......             (no amulet)
HPRegen  0.03/turn              (no ring)
MPRegen  0.08/turn              (no ring)

@: no status effects
A: small, no large weapons, nightstalker 3
a: Renounce Religion


You were on level 1 of the Dungeon.
You worshipped Qazlal.
Qazlal was aware of your devotion.
You visited 1 branch of the dungeon, and saw 1 of its levels.

Inventory:

Hand Weapons
 e - a +0 dagger (weapon)
Missiles
 d - 3 stones
Armour
 a - a +0 robe (worn)
Scrolls
 b - a scroll of noise {unknown}
Potions
 c - a potion of mutation {unknown}


   Skills:
 - Level 2.4 Dodging
 + Level 3.1 Stealth
 - Level 2.1 Spellcasting
 + Level 4.1 Ice Magic


You had 3 spell levels left.
You knew the following spells:

 Your Spells              Type           Power      Damage    Failure   Level
a - Freeze                Ice            60%        1d8       3%          1

Your spell library contained the following spells:

 Spells                   Type           Power      Damage    Failure   Level
 Frozen Ramparts          Ice            30%        1d5       11%         3
 Ozocubu's Armour         Ice            15%        N/A       11%         3
 Hailstorm                Conj/Ice       8%         3d4       65%         4


Dungeon Overview and Level Annotations

Branches:
Dungeon (1/15)

Altars:
Qazlal


Innate Abilities, Weirdness & Mutations

You are small and have problems with some larger weapons.
You are completely attuned to the shadows.


Message History

Qazlal grants you and your divine allies immunity to clouds.
You are now surrounded by a storm.
There is a fountain of sparkling water here.
c - a smoky green potion A kobold comes into view.
It is wielding a +0 dagger.
The kobold shouts!
The kobold throws a stone.
The stone misses you.
You hit the kobold but do no damage. The kobold hits you with a +0 dagger.
Casting: Freeze (safe; 3% risk of failure)
Confirm with . or Enter, or press ? or * to list all spells.
Aiming: Freeze (safe; 3% risk of failure)
Press: ? - help, Shift-Dir - straight line, f - kobold
Aim: a kobold, wielding a +0 dagger and quivering stones You freeze the kobold.
You kill the kobold!
Qazlal accepts your kill.
Casting: Freeze (safe; 3% risk of failure)
Confirm with . or Enter, or press ? or * to list all spells.
You can't see any susceptible monsters within range! (Use Z to cast anyway.)
d - 3 stones
Things that are here:
a +0 dagger; a kobold corpse
e - a +0 dagger (weapon)
HP restored.
A bat comes into view.
The bat closely misses you.
You closely miss the bat. The bat hits you but does no damage.
The bat closely misses you.
You hit the bat.
The bat is moderately wounded.
The bat misses you.
You hit the bat but do no damage. The bat hits you. The bat misses you.
You miss the bat. The bat completely misses you.
You hit the bat.
You kill the bat!
Qazlal accepts your kill.
No target in view!
You see here a bat corpse.
Found a short sword.
Are you sure you want to abandon this character and quit the game? (Confirm with "yes".)

#..#####.####
♣♣♣♣♣###.# ....♣♣...#
♣♣♣...♣.## ♣ ♣♣♣♣..#
## ♣ #### #.# ##(.
♣♣♣ .# #.# ... ..♣♣.#
#.###.### ♣♣.#.##
#.##@...#
......#######.##†##.)
##...............#
##...######.###.#
##.## #.# #.# #..#
#.# #.. #.## #.# ##..
#.# #.# #.# ##.##


There were no monsters in sight!

Vanquished Creatures
  A ball python (D:1)
  An endoplasm (D:1)
  A kobold (D:1)
  A bat (D:1)
  A rat (D:1)
5 creatures vanquished.

Notes
Turn   | Place    | Note
-------+----------+-------------------------------------------
     0 | D:1      | mainiacjoe the Kobold Ice Elementalist began the quest for
                  | the Orb.
     0 | D:1      | Reached XP level 1. HP: 10/10 MP: 3/3
   493 | D:1      | Found a faded altar of an unknown god.
   510 | D:1      | Became a worshipper of Qazlal Stormbringer
   510 | D:1      | Reached * piety under Qazlal
   637 | D:1      | Quit the game

Illustrated notes

Levels and vault maps discovered:
D:1:      dpeg_arrival_renting, layout_loops_ring,
          shapermc_ecumenical_altar_totnotflames, minmay_misc_feat_doors,
          palyth_stone_intersect, minmay_crystal_water, minmay_hexomino_p4

Skill      XL: |  1 |
---------------+----+-----
Stealth        | 3 |  3.1
Dodging        | |  2.4
Spellcasting   | |  2.1
Ice Magic      | |  4.1

Action                   || total
-------------------------++-------
Melee: Dagger            ||     5
       Unarmed           ||     1
 Cast: Freeze            ||     5
Armor: Robe              ||     1
Dodge: Dodged            ||     7
